 Dungeon Crawl Stone Soup version 0.20-a0-991-g93344ec (webtiles) character file.

55 MudBrick2 the Charmwright (level 3, 0/29 HPs)
             Began as a Barachi Skald on Apr 11, 2017.
             Slain by a goblin
             ... wielding a +0 club
             ... led by Robin
              (5 damage)
             ... on level 1 of the Dungeon.
             The game lasted 00:07:17 (1342 turns).

MudBrick2 the Charmwright (Barachi Skald)           Turns: 1342, Time: 00:07:17

Health: 0/29       AC:  6    Str: 12      XL:     3   Next: 93%
Magic:  3/6        EV: 11    Int: 13      God:
Gold:   55         SH:  0    Dex: 11 (12) Spells: 5/6 levels left

rFire    . . .     SeeInvis .   a - +0 hand axe
rCold    . . .     Gourm    .   (no shield)
rNeg     . . .     Faith    .   e - +0 ring mail
rPois    .         Spirit   .   (no helmet)
rElec    .         Reflect  .   (no cloak)
rCorr    .         Harm     .   (no gloves)
MR       .....                  (no boots)
Stlth    +.........             (no amulet)
Regen    0.1/turn               (no ring)
MPRegen  0.1/turn               (no ring)

@: infused (expiring), drained, slow
A: +LOS, swims, deterioration 1, sense surroundings 1, shaggy fur 1, slowness 1,
strong legs 1
a: Hop


You were on level 1 of the Dungeon.
You were not hungry.

You visited 1 branch of the dungeon, and saw 2 of its levels.

You collected 55 gold pieces.

Inventory:

Hand Weapons
 a - a +0 hand axe (weapon)
Armour
 b - a +0 leather armour
 e - a +0 ring mail (worn)
Scrolls
 k - a scroll of identify {unknown}
 m - a scroll of fog {unknown}
 q - a scroll of remove curse {unknown}
 r - a scroll of teleportation {unknown}
Potions
 g - a potion of haste {unknown}
 j - a potion of invisibility {unknown}
 n - a potion of berserk rage {unknown}
 p - a potion of brilliance
Books
 c - a book of Battle

   Spells                             Type                      Level
   a - Infusion                       Charms                       1
   b - Shroud of Golubria             Charms/Translocation         2
   c - Song of Slaying                Charms                       2
   d - Spectral Weapon                Hexes/Charms                 3
   e - Regeneration                   Charms/Necromancy            3
Comestibles
 d - a bread ration
 i - 2 royal jellies
 l - 3 fruits


   Skills:
 * Level 3.0(2.3) Fighting
 * Level 3.1(2.4) Axes
 * Level 1.9(1.2) Armour
 * Level 2.6(2.0) Dodging
 + Level 2.2(1.6) Spellcasting
 + Level 3.6(2.9) Charms


You had 5 spell levels left.
You knew the following spells:

 Your Spells              Type           Power        Failure   Level  Hunger
a - Infusion              Chrm           #...         21%         1    ##.....


Dungeon Overview and Level Annotations

Branches:
Dungeon (2/15)

Altars:

Annotations:
D:2 Robin


Innate Abilities, Weirdness & Mutations

Shadows flee at your approach. (+LOS)
You can swim through water.
You cover ground slowly.
You can hop short distances.
Your body sometimes deteriorates upon taking damage.
You passively map a small area around you.
You are covered in fur. (AC +1)


Message History

Robin hits you with an enchanted spear.
Your body deteriorates!
You feel clumsy.
You hit Robin.
Robin is severely wounded.
You hit the goblin!
You kill the goblin!
Robin hits you with an enchanted spear.
Your magical infusion is running out.
Robin hits you from afar with an enchanted spear. x2
* * * LOW HITPOINT WARNING * * *
There is a stone staircase leading up here.
The goblin hits you with a club.
* * * LOW HITPOINT WARNING * * *
Robin throws the goblin at you!
You climb upwards.
There is a stone staircase leading down, spattered with blood here.
You hit the goblin.
The goblin is severely wounded.
The goblin hits you with a club.
You die...

##### ###### ....# #....# #####
#....# ....####....#
............#####################
............)...@).......#.......
............####g#######.#.......
...(######### #.# #.########
..(.######## #.# #..)......
...........#####.##### ##########
...........#.........#
...........#.........#
############.........#
#.........#


You could see a goblin.

Vanquished Creatures
  An adder (D:2)
  3 leopard geckos
  5 bats (D:1)
  A giant cockroach (D:2)
  7 hobgoblins
  3 kobolds (D:1)
  14 goblins
  2 rats (D:1)
36 creatures vanquished.

Notes
Turn   | Place    | Note
-------+----------+-------------------------------------------
     0 | D:1      | MudBrick2 the Barachi Skald began the quest for the Orb.
     0 | D:1      | Reached XP level 1. HP: 17/17 MP: 3/3
   193 | D:1      | Reached XP level 2. HP: 19/23 MP: 5/5
   690 | D:2      | Reached XP level 3. HP: 22/28 MP: 6/6
   795 | D:2      | Noticed Robin
   807 | D:2      | HP: 1/29 [Robin/enchanted spear (11)]
   832 | D:1      | HP: 1/29 [kobold/whip of draining (2)]
   835 | D:1      | Gained mutation: You are covered in fur. (AC +1) [potion of mutation]
   835 | D:1      | Gained mutation: Your body sometimes deteriorates upon taking damage. [potion of mutation]
   835 | D:1      | Gained mutation: You passively map a small area around you. [potion of mutation]
  1342 | D:1      | Slain by a goblin

Vault maps used:
D:1:      lemuel_arrival_hallway
D:2:      chequers_ecumenical_altar_grove, first_bread, uniq_crazy_yiuf_cottage,
          uniq_robin

Skill      XL: |  1  2  3 |
---------------+----------+-----
Fighting       | 3 |  3.0
Axes           | 3 |  3.1
Armour         | |  1.9
Dodging        | |  2.6
Spellcasting   | |  2.2
Charms         | |  3.6

Action                   || total
-------------------------++-------
Melee: Hand axe          ||   101
 Cast: Infusion          ||     2
 Abil: Hop               ||     1
  Use: Potion            ||     3
  Eat: Chunk             ||     2
Armor: Ring mail         ||    36
Dodge: Dodged            ||    93
